 Dungeon Crawl Stone Soup version 0.29.1-1-gd02db6906a (webtiles) character file.

Game seed: 8993358933539607714

145 jamesp the Insei (level 5, -1/35 HPs)
             Began as an Octopode Transmuter on Oct 4, 2022.
             Slain by an ice beast (6 damage)
             ... on level 3 of the Dungeon.
             The game lasted 00:07:57 (4173 turns).

jamesp the Insei (Octopode Transmuter)              Turns: 4173, Time: 00:07:57

Health: -1/35      AC:  5    Str:  9    XL:     5   Next: 27%
Magic:  18/18      EV: 13    Int: 17    God:
Gold:   160        SH:  0    Dex: 13    Spells: 8/9 levels left

rFire   . . .      SeeInvis .     - Unarmed
rCold   . . .      Faith    .   (no shield)
rNeg    . . .      Spirit   .   (helmet currently unavailable)
rPois   .          Reflect  .   (no amulet)
rElec   .          Harm     .   b - ring of magical power
rCorr   .          Rampage  .   j - +4 ring of protection
Will    .....                   (no ring)
Stlth   ++........              (no ring)
HPRegen 0.11/turn               (no ring)
MPRegen 0.16/turn               (no ring)
                                (no ring)
                                (no ring)

@: appendages
A: tentacle spike 3, almost no armour, amphibious, 8 rings, camouflage 1,
gelatinous body 1, (nimble swimmer 1), tentacles
a: End Transformation


You were on level 3 of the Dungeon.
One of your tentacles had grown a beastly spike.
You visited 1 branch of the dungeon, and saw 4 of its levels.

You collected 160 gold pieces.

Inventory:

Missiles
 d - 54 stones
 f - a poisoned dart (quivered)
Magical Staves
 e - a staff of fire
Jewellery
 b - a ring of magical power (left tentacle)
 i - a ring of fire
 j - a +4 ring of protection (right tentacle)
Scrolls
 g - 2 scrolls of enchant weapon
 h - 2 scrolls of noise
 k - a scroll of summoning {unknown}
 l - 3 scrolls of identify {unknown}
 m - a scroll of blinking {unknown}
 n - a scroll of butterflies {unknown}
 o - a scroll of fear {unknown}
Potions
 a - a potion of lignification
 c - a potion of heal wounds {unknown}


   Skills:
 + Level 2.5 Fighting
 - Level 2.1 Dodging
 + Level 3.8 Unarmed Combat
 + Level 2.9 Spellcasting
 + Level 3.1 Transmutations


You had 8 spell levels left.
You knew the following spells:

 Your Spells              Type           Power      Damage    Failure   Level
a - Beastly Appendage     Tmut           26%        N/A       4%          1

Your spell library contained the following spells:

 Spells                   Type           Power      Damage    Failure   Level
 Wereblood                Tmut           13%        N/A       8%          2
 Apportation              Tloc           4%         N/A       19%         1
 Necrotise                Necr           8%         1d4       19%         1
 Summon Small Mammal      Summ           8%         N/A       19%         1
 Spider Form              Tmut/Pois      7%         N/A       28%         3
 Ice Form                 Ice/Tmut       7%         N/A       67%         4


Dungeon Overview and Level Annotations

Branches:
Dungeon (4/15)
 Temple: D:4-7

Altars:
Ru
Yredelemnul

Annotations:
D:3 Grinder


Innate Abilities, Weirdness & Mutations

One of your tentacles has grown a beastly spike.
You cannot wear most types of armour.
You are amphibious.
You can wear up to eight rings at the same time.
Your skin changes colour to match your surroundings (Stealth+).
Your rubbery body absorbs attacks. (AC +1, EV +1)
((You are camouflaged when in or above water. (Stealth+)))
You have tentacles for arms and can constrict up to eight enemies at once.


Message History

Throw: 2 darts (poison)
Press: ? - help, Q - select action, (/) - cycle Shift-Dir - straight line, f/p - ogre
Aim: an ogre, wielding a +0 giant club (moderately wounded, 73% to hit)
You throw a poisoned dart. The poisoned dart hits the ogre.
The ogre is moderately wounded.
Unknown command.
The ogre attacks as you move away! The ogre closely misses you.
The ogre attacks as you move away! The ogre barely misses you.
There is a stone staircase leading up here.
You climb upwards.
Level annotation: Grinder
There is a stone staircase leading down here.
You start resting.
An ice beast is nearby!
Casting: Beastly Appendage (safe; 4% risk of failure)
Confirm with . or Enter, or press ? or * to list all spells.
One of your tentacles grows a vicious spike.
The ice beast hits you. The ice beast freezes you.
You tentacle-slap the ice beast but do no damage.
You pierce the ice beast, but do no damage.
The ice beast hits you but does no damage.
You tentacle-slap the ice beast but do no damage.
Your tentacle-slap misses the ice beast.
The ice beast hits you but does no damage.
You closely miss the ice beast.
You pierce the ice beast.
You squeeze the ice beast, but do no damage.
The ice beast is lightly wounded.
The ice beast hits you. The ice beast freezes you.
You tentacle-slap the ice beast.
You pierce the ice beast, but do no damage.
Your squeeze misses the ice beast.
The ice beast is moderately wounded.
The ice beast hits you. The ice beast freezes you!
* * * LOW HITPOINT WARNING * * *
You tentacle-slap the ice beast. You squeeze the ice beast.
The ice beast is severely wounded.
The ice beast hits you.
* * * LOW HITPOINT WARNING * * *
The ice beast freezes you.
You die...

.....)..........##..## #.#
...#.###.......<##.## ##.##
....># #........##[# #...#
#....# ##########..# #...#
#.[#.# #.## #...# #..#.##### #.#
#...# ##.#.....### ####.#
######...#..
#..####...###....####..........#
#....####...>..@Y.....####...###
#....# #####...........######
###..# ###########....)### ##.#
#####...## ## ###... ####


You could see an ice beast.

Vanquished Creatures
  Jessica (D:3)
  6 adders
  A worm (D:2)
  A dart slug (D:1)
  4 ball pythons
  6 endoplasms
  3 giant cockroaches
  5 hobgoblins
  6 jackals
  5 kobolds
  3 quokkas
  6 bats
  5 frilled lizards
  4 goblins
  5 rats
61 creatures vanquished.

Notes
Turn   | Place    | Note
-------+----------+-------------------------------------------
     0 | D:1      | jamesp the Octopode Transmuter began the quest for the Orb.
     0 | D:1      | Reached XP level 1. HP: 13/13 MP: 3/3
   535 | D:1      | Found a faded altar of an unknown god.
   640 | D:1      | Reached XP level 2. HP: 18/18 MP: 5/5
  1672 | D:2      | Reached XP level 3. HP: 23/23 MP: 6/6
  2504 | D:2      | Reached XP level 4. HP: 29/29 MP: 7/7
  3214 | D:3      | Noticed an ice beast
  3271 | D:3      | Found a sacrificial altar of Ru.
  3313 | D:3      | Found a basalt altar of Yredelemnul.
  3532 | D:3      | Noticed Jessica
  3539 | D:3      | Killed Jessica
  3540 | D:3      | Reached XP level 5. HP: 27/35 MP: 9/9
  3697 | D:3      | Noticed Grinder
  3973 | D:4      | Noticed an ogre
  4173 | D:3      | Slain by an ice beast

Illustrated notes

Levels and vault maps discovered:
D:1:      denvon_arrival_planthouse, layout_loops_corners,
          basic_ecumenical_altar, nrook_loot_triangle
D:2:      layout_basic, minmay_tetromino_t2
D:3:      layout_rooms, lemuel_round_altar, nicolae_ru_sacrificial_ziggurat,
          uniq_jessica, uniq_grinder
D:4:      layout_basic, kennysheep_mini_moat, temple_green, st_stairs_9

Skill      XL: |  1  2  3  4 |
---------------+-------------+-----
Fighting       | 2 |  2.5
Transmutations | 3 |  3.1
Dodging        | |  2.1
Unarmed Combat | |  3.8
Spellcasting   | |  2.9

Action                   |  1- 3 |  4- 6 || total
-------------------------+-------+-------++-------
Melee: Unarmed           |    80 |    70 ||   150
       Kick              |    20 |    23 ||    43
       Constrict         |    23 |    19 ||    42
       Tentacles         |    11 |    16 ||    27
       Punch             |     3 |     2 ||     5
Throw: Dart              |       |     9 ||     9
 Cast: Beastly Appendage |    25 |    10 ||    35
  Use: Scroll            |       |     4 ||     4
 Stab: Sleeping          |     6 |     6 ||    12
Armor: Skin              |    23 |    16 ||    39
Dodge: Dodged            |    43 |    34 ||    77
